 Dungeon Crawl Stone Soup version 0.29.1 (webtiles) character file.

Game seed: 12208875767915967462

1908 funnyparkerb the Chiller (level 8, -1/61 HPs)
             Began as a Mummy Ice Elementalist on Sept 12, 2022.
             Slain by a wight
             ... wielding a +0 morningstar
              (11 damage)
             ... on level 6 of the Dungeon on Sept 13, 2022.
             The game lasted 00:22:43 (9219 turns).

funnyparkerb the Chiller (Mummy Ice Elementalist)   Turns: 9219, Time: 00:22:44

Health: -1/61      AC:  9    Str: 11    XL:     8   Next: 94%
Magic:  12/12      EV: 17    Int: 17    God:
Gold:   296        SH:  0    Dex: 12    Spells: 2/13 levels left

rFire   x . .      SeeInvis .   f - staff of death
rCold   + + .      Faith    .   (no shield)
rNeg    + + +      Spirit   .   k - +0 robe
rPois   ∞          Reflect  .   g - +0 helmet
rElec   .          Harm     .   (no cloak)
rCorr   .          Rampage  .   (no gloves)
Will    +....                   (no boots)
Stlth   ++........              (no amulet)
HPRegen 0.20/turn               d - +4 ring of evasion
MPRegen 0.13/turn               n - ring of protection from cold

@: ice-armoured
A: cold resistance 1, negative energy resistance 3, torment resistance 2, heat
vulnerability 1, in touch with death 1, no potions
a: no special abilities


You were on level 6 of the Dungeon.
You visited 1 branch of the dungeon, and saw 6 of its levels.
You also visited: Sewer.

You collected 296 gold pieces.

Inventory:

Missiles
 m - 2 boomerangs (quivered)
 p - a throwing net
Armour
 g - a +0 helmet (worn)
 j - the +1 robe "Gutsen" {Rampage Will++ rCorr MP-9}
   (You found it on level 2 of the Dungeon)

   MP:        It affects your magic capacity (-9).
   rCorr:     It protects you from acid and corrosion.
   Rampage:   It bestows one free step when moving towards enemies.
   Will:      It greatly increases your willpower.
 k - a +0 robe (worn)
Magical Staves
 f - a staff of death (weapon)
Jewellery
 d - a +4 ring of evasion (left hand)
 n - a ring of protection from cold (right hand)
Wands
 r - a wand of digging (5)
 t - a wand of charming (7)
Scrolls
 a - 3 scrolls of enchant armour
 b - a scroll of brand weapon
 c - 2 scrolls of identify
 e - a scroll of butterflies
 i - a scroll of enchant weapon
 l - a scroll of silence
 o - 3 scrolls of amnesia
 q - 2 scrolls of vulnerability
 s - 3 scrolls of fear


   Skills:
 + Level 4.8 Fighting
 + Level 4.6 Dodging
 - Level 1.5 Stealth
 - Level 3.0 Spellcasting
 + Level 5.3 Conjurations
 - Level 6.1 Ice Magic


You had 2 spell levels left.
You knew the following spells:

 Your Spells              Type           Power      Damage    Failure   Level
a - Freeze                Ice            92%        1d10      1%          1
b - Frozen Ramparts       Ice            46%        1d7       4%          3
c - Ozocubu's Armour      Ice            23%        N/A       4%          3
d - Hailstorm             Conj/Ice       22%        3d7       17%         4

Your spell library contained the following spells:

 Spells                   Type           Power      Damage    Failure   Level
 Sting                    Tmut/Pois      8%         1d3       17%         1
 Poisonous Vapours        Pois/Air       4%         N/A       26%         2
 Olgreb's Toxic Radiance  Pois           2%         N/A       86%         4


Dungeon Overview and Level Annotations

Branches:
Dungeon (6/15)              Sewer (visited)
 Temple: D:4-7

Altars:
Fedhas

Shops:
D:1 (   D:5 :


Innate Abilities, Weirdness & Mutations

You are immune to poison.
Your flesh is cold resistant. (rC+)
You are immune to negative energy. (rN+++)
You are immune to unholy pain and torment.
You are vulnerable to heat. (rF-)
You are in touch with the powers of death.
You do not drink.


Message History

The wight is lightly damaged.
The wight hits you with a +0 morningstar.
You hit the wight.
The wight is moderately damaged.
The wight barely misses you.
You barely miss the wight.
The wight is moderately damaged.
The wight barely misses you.
You hit the wight but do no damage.
The wight is moderately damaged.
The wight completely misses you.
You barely miss the wight.
The wight is moderately damaged.
The wight closely misses you. x2
You hit the wight but do no damage.
The wight is moderately damaged.
The wight hits you with a +0 morningstar.
You hit the wight but do no damage.
The wight is moderately damaged.
The wight closely misses you.
You closely miss the wight.
The wight is moderately damaged.
The wight hits you with a +0 morningstar!
You hit the wight but do no damage.
The wight is moderately damaged.
The wight hits you with a +0 morningstar.
* * * LOW HITPOINT WARNING * * *
You barely miss the wight.
The wight is moderately damaged.
The wight barely misses you. The wight closely misses you.
You hit the wight but do no damage.
The wight is moderately damaged.
The wight hits you with a +0 morningstar!
* * * LOW HITPOINT WARNING * * *
Your icy armour will break if you move.
Continue? [Y]es or [N]o only, please.
Your icy armour will break if you move.
Continue?
The wight attacks as you move away!
The wight hits you with a +0 morningstar!
You die...

#..#####.#.z.#####
#........##...)..#
.........#######.#
###.......# #.#
#..z....# #.#
#.z.....# #.#
#.......# #z#
#.......# #z#
.z........######@#
z##.......#......#
.# #.###### .# #.#
.###### #.#
######## ......#
#.# #......#
...##.#####.#
#.####)#
..#.......#.#
###.####.####
..#.........#
####......))<...


You could see 2 wights.

Vanquished Creatures
  A water moccasin (D:5)
  An orc warrior (D:6)
  2 black bears
  An ogre (D:5)
  2 bullfrogs (Sewer)
  A gnoll sergeant (D:5)
  3 scorpions
  A wight (D:6)
  4 hounds
  2 orc priests (D:6)
  3 jellies
  2 gnoll boudas (D:4)
  2 iguanas (D:5)
  Ijyb (D:5)
  Natasha (thrice) (D:2)
  3 orc wizards (D:6)
  14 gnolls
  14 adders
  7 river rats
  An ufetubus (D:6)
  A worm (D:3)
  A dart slug (D:4)
  14 orcs
  14 endoplasms
  4 giant cockroaches
  3 goblins
  7 hobgoblins
  5 jackals
  2 quokkas
  14 ball pythons
  8 bats
  6 frilled lizards
  3 kobolds
  30 rats
180 creatures vanquished.

Notes
Turn   | Place    | Note
-------+----------+-------------------------------------------
     0 | D:1      | funnyparkerb the Mummy Ice Elementalist began the quest for
                  | the Orb.
     0 | D:1      | Reached XP level 1. HP: 13/13 MP: 4/4
    65 | D:1      | Found Heimp's Weapon Shop.
    89 | D:1      | Found a faded altar of an unknown god.
   822 | D:1      | Reached XP level 2. HP: 17/19 MP: 2/5
  1262 | D:2      | Reached skill level 4 in Ice Magic
  1399 | D:2      | Noticed Natasha
  1404 | D:2      | Killed Natasha
  1405 | D:2      | Gained mutation: You are in touch with the powers of death.
                  | [Mummy growth]
  1405 | D:2      | Reached XP level 3. HP: 17/24 MP: 2/7
  1411 | D:2      | Learned a level 3 spell: Frozen Ramparts
  1415 | D:2      | Learned a level 3 spell: Ozocubu's Armour
  1587 | D:2      | Identified the +1 robe "Gutsen" {Rampage Will++ rCorr MP-9}
  1923 | D:2      | Noticed Natasha
  1943 | D:2      | Killed Natasha
  1944 | D:2      | Reached XP level 4. HP: 9/30 MP: 0/8
  2308 | D:2      | Noticed Natasha
  2316 | D:2      | Killed Natasha
  2317 | D:2      | Reached skill level 5 in Ice Magic
  2748 | D:3      | Found a blossoming altar of Fedhas.
  2953 | D:3      | Reached XP level 5. HP: 36/36 MP: 5/9
  3518 | D:4      | Reached XP level 6. HP: 42/42 MP: 6/10
  3602 | D:4      | Reached skill level 6 in Ice Magic
  3638 | D:5      | Entered Level 5 of the Dungeon
  4077 | D:4      | Reached skill level 1 in Fighting
  4460 | D:4      | Learned a level 4 spell: Hailstorm
  4780 | D:4      | Reached XP level 7. HP: 41/50 MP: 6/11
  4957 | D:5      | Found Ridafoech's Book Emporium.
  5018 | D:5      | Noticed Ijyb
  5033 | D:5      | Killed Ijyb
  5034 | D:5      | Reached skill level 1 in Conjurations
  5829 | D:5      | Reached XP level 8. HP: 28/60 MP: 1/12
  6165 | D:6      | Found a glowing drain.
  6169 | Sewer    | Entered a sewer
  7498 | D:6      | Reached skill level 5 in Conjurations
  9219 | D:6      | Slain by a wight

Illustrated notes

Levels and vault maps discovered:
D:1:      minmay_arrival_pointy, layout_basic, serial_shops,
          nicolae_shop_bloodbath_and_beyond, ebering_ecumenical_altar_rust,
          minmay_pentomino_z4
D:2:      layout_loops_corners, basic_altar, uniq_natasha
D:3:      layout_basic, lemuel_round_altar
D:4:      layout_rooms
D:5:      layout_loops_ring, serial_shops, nicolae_shop_crystal, uniq_ijyb
D:6:      layout_loops_cross, gup_sewer_entry_bowl, due_unseen_surprise

Skill      XL: |  1  2  3  4  5  6  7  8 |
---------------+-------------------------+-----
Ice Magic      | 4 5 6 |  6.1
Spellcasting   | 3 |  3.0
Fighting       | 2 3 4 |  4.8
Dodging        | 3 4 |  4.6
Conjurations   | 2 5 |  5.3
Stealth        | |  1.5

Action                   |  1- 3 |  4- 6 |  7- 9 || total
-------------------------+-------+-------+-------++-------
Melee: Staff             |    49 |    97 |   107 ||   253
       Unarmed           |     2 |       |       ||     2
       Punch             |     1 |     1 |     2 ||     4
Throw: Stone             |       |     6 |       ||     6
       Boomerang         |       |    10 |    70 ||    80
 Cast: Freeze            |    24 |    66 |   114 ||   204
       Frozen Ramparts   |       |     8 |    28 ||    36
       Ozocubu's Armour  |       |     3 |    16 ||    19
Evoke: Wand              |       |       |    14 ||    14
  Use: Scroll            |       |       |    11 ||    11
 Stab: Sleeping          |     4 |     4 |       ||     8
Armor: Robe              |    12 |    25 |    60 ||    97
Dodge: Dodged            |    74 |   147 |   376 ||   597
